 Dungeon Crawl Stone Soup version 0.21.1-1-g345015f (webtiles) character file.

1055 shakethe the Basher (level 8, -4/46 HPs)
             Began as a Gargoyle Fighter on Feb 10, 2018.
             Slain by shakethe's ghost (7 damage)
             ... on level 6 of the Dungeon.
             The game lasted 00:09:41 (4603 turns).

shakethe the Basher (Gargoyle Fighter)              Turns: 4603, Time: 00:09:42

Health: -4/46      AC: 17    Str: 21    XL:     8   Next: 26%
Magic:  8/8        EV:  7    Int:  8    God:
Gold:   268        SH:  9    Dex: 11    Spells: 7/7 levels left

rFire    . . .     SeeInvis .   a - +0 flail
rCold    + . .     Gourm    .   c - +0 shield
rNeg     + . .     Faith    .   b - +0 scale mail
rPois    ∞         Spirit   .   n - +2 hat
rElec    +         Reflect  .   q - +0 cloak
rCorr    .         Harm     .   (no gloves)
MR       .....                  D - +1 pair of boots
Stlth    ..........             (no amulet)
HPRegen  0.15/turn              t - ring of protection from cold {rC+, !d}
MPRegen  0.11/turn              (no ring)

@: no status effects
A: negative energy resistance 1, electricity resistance, unbreathing,
petrification resistance, rot immunity, AC +5
a: no special abilities


You were on level 6 of the Dungeon.
You were very hungry.

You visited 2 branches of the dungeon, and saw 7 of its levels.
You also visited: Ossuary.

You collected 268 gold pieces.

Inventory:

Hand Weapons
 a - a +0 flail (weapon)
Armour
 b - a +0 scale mail (worn)
 c - a +0 shield (worn)
 l - a +0 helmet
   (You took it off Robin on level 2 of the Dungeon)
 n - a +2 hat (worn)
   (You found it on level 2 of the Dungeon)
 q - a +0 cloak (worn)
   (You found it on level 3 of the Dungeon)
 D - a +1 pair of boots (worn)
   (You found it on level 5 of the Dungeon)
Jewellery
 t - a ring of protection from cold (left hand) {rC+, !d}
   (You found it on level 3 of the Dungeon)
 E - a cursed -2 ring of dexterity {unknown}
   (You found it on level 5 of the Dungeon)
Wands
 m - a wand of random effects (20)
   (You took it off Robin on level 2 of the Dungeon)
 B - a wand of flame (19)
   (You found it on level 5 of the Dungeon)
 C - a wand of digging (12)
   (You found it on level 5 of the Dungeon)
 F - a wand of enslavement (13)
   (You took it off Ijyb on level 5 of the Dungeon)
Scrolls
 g - 2 scrolls of remove curse {unknown}
 i - 2 scrolls of blinking {unknown}
 k - a scroll of enchant armour {unknown}
 o - 10 scrolls of identify {unknown}
 r - 2 scrolls of immolation {unknown}
 s - a scroll of fear {unknown}
 v - 4 scrolls of teleportation {unknown}
 x - 2 scrolls of enchant weapon {unknown}
 y - 2 scrolls of random uselessness {unknown}
Potions
 d - a potion of might
 e - 3 potions of heal wounds {unknown}
 h - 3 potions of ambrosia {unknown}
 j - 6 potions of curing {unknown}
 p - a potion of magic {unknown}
 z - 2 potions of haste
 A - 2 potions of agility {unknown}
Books
 u - a book of Changes
   (You found it on level 3 of the Dungeon)
 w - a book of the Earth
   (You found it in an ossuary)
Comestibles
 f - 10 rations


   Skills:
 - Level 3.2 Fighting
 * Level 9.4 Maces & Flails
 - Level 3.2 Armour
 - Level 4.0 Shields


You had 7 spell levels left.
You didn't know any spells.

Dungeon Overview and Level Annotations

Branches:
Dungeon (6/15)             Temple (1/1) D:5

Altars:
Ashenzari
Cheibriados
Fedhas
Hepliaklqana
Makhleb
Nemelex Xobeh
Okawaru
Qazlal
Ru
Sif Muna
Trog
Wu Jian
Xom
Yredelemnul
Zin

Annotations:
D:6 shakethe's ghost, novice GrGl


Innate Abilities, Weirdness & Mutations

You are resistant to torment.
Your stone body is resilient. (AC +5)
You are immune to poison.
You resist negative energy. (rN+)
You are resistant to electric shocks. (rElec)
You can survive without breathing.
You are immune to petrification.
You are immune to rotting.


Message History

You are feeling hungry.
You see here a ring mail.
There is a stone staircase leading down here.
You climb downwards.
Found an escape hatch in the ceiling.
There is a stone staircase leading up here.
You now have 268 gold pieces (gained 10).
As you open the door, it creaks loudly!
There is an open door here.
Shakethe's ghost (novice Gargoyle Gladiator) comes into view.
As you open the door, it creaks loudly! You block shakethe's ghost's attack.
You hit shakethe's ghost but do no damage.
You block shakethe's ghost's attack.
You hit shakethe's ghost but do no damage.
You block shakethe's ghost's attack.
A worker ant comes into view.
You closely miss shakethe's ghost.
Shakethe's ghost hits you but does no damage.
Your scale mail prevents you from hitting shakethe's ghost.
Shakethe's ghost completely misses you.
You hit shakethe's ghost but do no damage.
Shakethe's ghost hits you but does no damage.
There is an open door here.
You closely miss shakethe's ghost.
Shakethe's ghost hits you but does no damage.
You hit shakethe's ghost but do no damage.
You block shakethe's ghost's attack.
You hit shakethe's ghost but do no damage.
Shakethe's ghost hits you but does no damage.
You hit shakethe's ghost.
Shakethe's ghost hits you but does no damage.
You hit shakethe's ghost but do no damage.
Shakethe's ghost barely misses you.
You hit shakethe's ghost.
Shakethe's ghost hits you but does no damage.
You barely miss shakethe's ghost. You block shakethe's ghost's attack.
You sock shakethe's ghost!
Shakethe's ghost hits you but does no damage.
You hit shakethe's ghost but do no damage.
Shakethe's ghost closely misses you.
You hit shakethe's ghost but do no damage.
Shakethe's ghost hits you but does no damage.
You closely miss shakethe's ghost. You block shakethe's ghost's attack.
You closely miss shakethe's ghost.
Shakethe's ghost shrieks, "To die, to sleep, no more."
Shakethe's ghost hits you.
You take 1 damage, and have 45/46 hp.
You sock shakethe's ghost!
Shakethe's ghost hits you but does no damage.
Health restored: 46 You hit shakethe's ghost but do no damage.
Shakethe's ghost hits you but does no damage.
You closely miss shakethe's ghost. Shakethe's ghost hits you.
You take 4 damage, and have 42/46 hp.
You closely miss shakethe's ghost. You block shakethe's ghost's attack.
You hit shakethe's ghost but do no damage.
Shakethe's ghost hits you but does no damage.
You closely miss shakethe's ghost. Shakethe's ghost barely misses you.
You hit shakethe's ghost. Shakethe's ghost hits you!
You take 10 damage, and have 32/46 hp.
MASSIVE DAMAGE!!
You closely miss shakethe's ghost. Shakethe's ghost barely misses you.
You hit shakethe's ghost. You block shakethe's ghost's attack.
You closely miss shakethe's ghost. Shakethe's ghost hits you.
You take 2 damage, and have 30/46 hp.
You hit shakethe's ghost but do no damage.
You block shakethe's ghost's attack.
Your shield and scale mail prevent you from hitting shakethe's ghost.
You block shakethe's ghost's attack.
You barely miss shakethe's ghost. Shakethe's ghost barely misses you.
You barely miss shakethe's ghost. Shakethe's ghost hits you!
You take 7 damage, and have 23/46 hp.
You closely miss shakethe's ghost.
Shakethe's ghost hits you but does no damage.
You hit shakethe's ghost. Shakethe's ghost closely misses you.
You barely miss shakethe's ghost. You block shakethe's ghost's attack.
Your shield prevents you from hitting shakethe's ghost.
Shakethe's ghost hits you but does no damage.
You closely miss shakethe's ghost. You block shakethe's ghost's attack.
You closely miss shakethe's ghost. Shakethe's ghost hits you.
You take 1 damage, and have 22/46 hp.
You barely miss shakethe's ghost. Shakethe's ghost barely misses you.
You hit shakethe's ghost. You block shakethe's ghost's attack.
You closely miss shakethe's ghost. Shakethe's ghost hits you.
You take 1 damage, and have 21/46 hp.
You are feeling very hungry.
You hit shakethe's ghost but do no damage.
You block shakethe's ghost's attack.
You barely miss shakethe's ghost. Shakethe's ghost hits you!
* * * LOW HITPOINT WARNING * * *
You take 9 damage, and have 12/46 hp.
You closely miss shakethe's ghost. Shakethe's ghost hits you!
* * * LOW HITPOINT WARNING * * *
You take 10 damage, and have 2/46 hp.
MASSIVE DAMAGE!!
You block shakethe's ghost's attack.
There is a stone staircase leading up here.
Shakethe's ghost hits you!
You die...

#.##....#........
#.##....#........
#.##............
#.##.###....#
#.##...'....##...
#.######.........
##.#######'#......
#......a...#......
##....@W..........
#.##.............
#.##........##...
#.##.............
#.##........#...
.....#<....##...
######.....# ..
#......


You could see a worker ant and shakethe's ghost.

Vanquished Creatures
  Sigmund (D:4)
  The ghost of shakethe the Cudgeler, an amateur GrHu (D:4)
  A centaur (D:5)
  A scorpion (D:4)
  3 crimson imps (D:5)
  A howler monkey (D:5)
  A bullfrog zombie (D:5)
  A hound (D:3)
  Ijyb (D:5)
  5 worker ants
  A hound skeleton (D:4)
  5 mummies
  Robin (D:2)
  4 adders
  2 oozes
  4 adder zombies (Ossuary)
  2 adder skeletons
  A worm (D:5)
  A dart slug (D:3)
  7 leopard geckos
  3 orcs (D:3)
  2 ball pythons
  5 bats
  5 giant cockroaches
  2 gnoll zombies (Ossuary)
  18 goblins
  8 hobgoblins
  8 jackals
  A quokka (D:2)
  5 frilled lizards
  2 goblin zombies
  3 hobgoblin zombies
  6 kobolds
  A leopard gecko skeleton (D:4)
  3 orc zombies (Ossuary)
  8 rats
124 creatures vanquished.

Notes
Turn   | Place    | Note
-------+----------+-------------------------------------------
     0 | D:1      | shakethe the Gargoyle Fighter began the quest for the Orb.
     0 | D:1      | Reached XP level 1. HP: 14/14 MP: 1/1
    78 | D:1      | Reached XP level 2. HP: 12/19 MP: 2/2
   432 | D:1      | Reached skill level 3 in Maces & Flails
   499 | D:1      | Reached XP level 3. HP: 23/23 MP: 3/3
   751 | D:2      | Found a bloodstained altar of Trog.
   945 | D:2      | Reached skill level 4 in Shields
   948 | D:2      | Noticed Robin
   951 | D:2      | Reached XP level 4. HP: 24/28 MP: 4/4
   969 | D:2      | HP: 7/28 [goblin[Robin] (5)]
   984 | D:2      | HP: 7/28 [hobgoblin (2)]
   991 | D:2      | Killed Robin
   991 | D:2      | Reached skill level 4 in Maces & Flails
  1240 | D:2      | Found a blossoming altar of Fedhas.
  1547 | D:3      | Reached XP level 5. HP: 26/32 MP: 5/5
  1815 | D:3      | Reached skill level 5 in Maces & Flails
  2225 | D:4      | Found a snail-covered altar of Cheibriados.
  2243 | D:4      | Noticed Sigmund
  2250 | D:4      | Killed Sigmund
  2250 | D:4      | Reached skill level 6 in Maces & Flails
  2250 | D:4      | Reached XP level 6. HP: 31/37 MP: 6/6
  2752 | D:4      | Noticed shakethe's ghost (amateur GrHu)
  2772 | D:4      | Killed shakethe's ghost
  2772 | D:4      | Reached skill level 7 in Maces & Flails
  2772 | D:4      | Reached XP level 7. HP: 13/41 MP: 7/7
  3376 | D:5      | Entered Level 5 of the Dungeon
  3468 | D:5      | Found a sand-covered staircase.
  3472 | D:5      | Reached skill level 8 in Maces & Flails
  3476 | Ossuary  | Entered an ossuary
  3865 | D:5      | Reached XP level 8. HP: 33/46 MP: 8/8
  3919 | D:5      | Reached skill level 9 in Maces & Flails
  4171 | D:5      | Found a sparkling altar of Nemelex Xobeh.
  4173 | D:5      | Found an ornate altar of the Wu Jian Council.
  4212 | D:5      | Noticed Ijyb
  4222 | D:5      | Killed Ijyb
  4359 | D:5      | Found a staircase to the Ecumenical Temple.
  4371 | Temple   | Entered the Ecumenical Temple
  4547 | D:6      | Noticed shakethe's ghost (novice GrGl)
  4598 | D:6      | HP: 2/46 [shakethe's ghost (10)]
  4603 | D:6      | Slain by shakethe's ghost

Skill      XL: |  1  2  3  4  5  6  7  8 |
---------------+-------------------------+-----
Maces & Flails | 3 4 6 7 8 9 |  9.4
Shields        | 4 |  4.0
Fighting       | |  3.2
Armour         | |  3.2

Action                   |  1- 3 |  4- 6 |  7- 9 || total
-------------------------+-------+-------+-------++-------
Melee: Flail             |   137 |   190 |   225 ||   552
  Eat: Chunk             |       |     3 |     2 ||     5
       Ration            |       |     1 |     1 ||     2
Armor: Scale mail        |   102 |   115 |   110 ||   327
Dodge: Dodged            |    65 |    71 |    78 ||   214
Block: Shield            |    90 |   118 |   123 ||   331

Vault maps used:
D:1:      lemuel_arrival_lava_pool
D:2:      lemuel_round_altar, overflow_temple_1_default, uniq_robin
D:3:      first_ration, uniq_crazy_yiuf_cottage
D:4:      lemuel_doored_altar, uniq_sigmund
D:5:      nicolae_overflow_hidden_temple, temple_hall,
          nicolae_ossuary_entry_giza, hangedman_decor_opposing, uniq_ijyb
D:6:      kennysheep_mini, marbit_many_paths, nicolae_tso_besieged_by_evil
Temple:   eino_temple_lava
Ossuary:  ossuary_minmay_tomb_2a

Table legend:
 A = Turns spent in this place as a percentage of turns spent in the entire game.
 B = Non-inter-level travel turns spent in this place as a percentage of non-inter-level travel turns spent in the entire game.
 C = Inter-level travel turns spent in this place as a percentage of turns spent in this place.
 D = Turns resting spent in this place as a percentage of non-inter-level travel turns spent in this place.
 E = Turns spent auto-exploring this place as a percentage of non-inter-level travel turns spent in this place.
 F = Non-inter-level travel turns spent in this place divided by the number of levels of this place that you've seen.
                   A       B       C       D       E      F
               +-------+-------+-------+-------+-------+----------------------
         Total | 100.0 | 100.0 |   0.0 |  13.5 |  52.1 | 575.4
       Dungeon |  91.5 |  91.5 |   0.0 |  14.7 |  54.8 | 702.2
        Temple |   1.8 |   1.8 |   0.0 |   0.0 |  77.6 |  85.0
       Ossuary |   6.6 |   6.6 |   0.0 |   0.0 |   8.2 | 305.0
               +-------+-------+-------+-------+-------+----------------------

Table legend:
 A = Kills in this place as a percentage of kills in entire the game.
 B = Kills by you in this place as a percentage of kills by you in the entire game.
 C = Kills by friends in this place as a percentage of kills by friends in the entire game.
 D = Other kills in this place as a percentage of other kills in the entire game.
 E = Experience gained in this place as a percentage of experience gained in the entire game.
 F = Experience gained in this place divided by the number of levels of this place that you have seen.
                   A       B       C       D       E      F
               +-------+-------+-------+-------+-------+----------------------
         Total | 100.0 | 100.0 |   N/A |   N/A | 100.0 | 188.5
       Dungeon |  87.1 |  87.1 |   N/A |   N/A |  93.0 | 233.7
       Ossuary |  12.9 |  12.9 |   N/A |   N/A |   7.0 | 106.0
               +-------+-------+-------+-------+-------+----------------------
